 Dungeon Crawl Stone Soup version 0.19-b1-4-gd8a0a2a (webtiles) character file.

13418 Derfel the Fighter (level 11, -1/107 HPs)
             Began as a Minotaur Berserker on Oct 30, 2016.
             Was a High Priest of Trog.
             Slain by a nine-headed hydra (10 damage)
             ... on level 3 of the Lair of Beasts.
             The game lasted 01:03:55 (10781 turns).

Derfel the Fighter (Minotaur Berserker)            Turns: 10781, Time: 01:03:55

Health: -1/107     AC: 16    Str: 22    XL:     11   Next: 75%
Magic:  10/10      EV: 11    Int:  2    God:    Trog [*****.]
Gold:   569        SH:  0    Dex: 13    Spells: 0 memorised, 10 levels left

rFire  + . .     SeeInvis .     F - +8 frozen axe "Frostbite" {freezing cloud, *Noise +Fly rC+}
rCold  + . .     Gourm    .     u - +0 chain mail {rPois}
rNeg   . . .     Faith    +     (shield currently unavailable)
rPois  +         Spirit   .     (helmet restricted)
rElec  .         Reflect  .     (no cloak)
rCorr  .         Harm     .     (no gloves)
MR     .....                    (no boots)
Stlth  ..........               R - amulet of faith
                                O - +4 ring of protection
                                d - ring of protection from fire

@: no status effects
A: retaliatory headbutt, horns 2, dopey 1
a: Berserk, Trog's Hand, Brothers in Arms, Burn Spellbooks, Renounce Religion,
Evoke Flight


You were on level 3 of the Lair of Beasts.
You worshipped Trog.
Trog was extremely pleased with you.
You were very hungry.

You visited 2 branches of the dungeon, and saw 11 of its levels.
You also visited: Sewer and Ice Cave.

You collected 569 gold pieces.

Inventory:

Hand Weapons
 k - a +0 hand crossbow
 m - a +2 shortbow of velocity
 A - a +2 vampiric dagger
 F - the +8 frozen axe "Frostbite" (weapon) {freezing cloud, *Noise +Fly rC+}
   (Trog gifted it to you on level 8 of the Dungeon)

   It has been specially enchanted to freeze those struck by it, causing extra
   injury to most foes and up to half again as much damage against particularly
   susceptible opponents.
   It can also slow down cold-blooded creatures.
   It protects you from cold.
   It lets you fly.
   It may make noises in combat.
 J - a +0 shortbow
Missiles
 b - 159 arrows
 i - 11 poisoned needles
 l - 38 bolts
 I - 6 javelins (quivered)
Armour
 p - a +0 plate armour
 u - a +0 chain mail of poison resistance (worn)
 B - a +3 scale mail of magic resistance
Jewellery
 a - an uncursed amulet of harm {unknown}
 d - a ring of protection from fire (left hand)
 q - an uncursed ring of fire
 t - a cursed amulet of inaccuracy {unknown}
 z - an uncursed ring of magical power
 D - an uncursed ring of ice
 O - a +4 ring of protection (right hand)
 P - an uncursed ring of protection from magic
 R - an amulet of faith (around neck)
Wands
 v - a wand of iceblast (6/15)
 G - a wand of enslavement (16/24)
 N - a wand of teleportation (0/9)
Scrolls
 h - 6 scrolls of remove curse
 r - a scroll of noise {unknown}
 w - 7 scrolls of teleportation {unknown}
 x - 3 scrolls of blinking {unknown}
 y - a scroll of magic mapping
 C - a scroll of acquirement {unknown}
 E - 2 scrolls of recharging {unknown}
 Q - 2 scrolls of immolation {unknown}
 T - a scroll of identify
 U - a scroll of enchant armour {unknown}
Potions
 e - 2 potions of flight
 f - 7 potions of brilliance
 j - 3 potions of heal wounds {unknown}
 n - 4 potions of agility
 L - 2 potions of might
 M - 2 potions of magic
Comestibles
 c - 8 bread rations
 g - a slice of pizza
 o - a royal jelly
 s - 2 beef jerkies
 H - a meat ration
 S - 5 fruits


   Skills:
 + Level 13.4 Fighting
 + Level 12.1(12.2) Axes
   Level 2.6(8.3) Maces & Flails
 + Level 12.9 Armour
 - Level 4.8 Dodging


You had 10 spell levels left.
You didn't know any spells.

Dungeon Overview and Level Annotations

Branches:
Dungeon (8/15)             Temple (0/1) D:7            Lair (3/6) D:8
  Swamp: Lair:2-4    Shoals: Lair:2-4     Snake: Lair:2-4    Spider: Lair:2-4

Altars:
Dithmenos
Ru
Sif Muna

Shops:
D:5 [   D:8 ?


Innate Abilities, Weirdness & Mutations

You reflexively headbutt those who attack you in melee.
You have a pair of horns on your head.
You are dopey. (Int -2)


Message History

* * * LOW HITPOINT WARNING * * *
The nine-headed hydra bites you!
* * * LOW HITPOINT WARNING * * *
Okay, then.
The nine-headed hydra bites you.
* * * LOW HITPOINT WARNING * * *
The nine-headed hydra barely misses you.
The nine-headed hydra bites you.
* * * LOW HITPOINT WARNING * * *
The nine-headed hydra bites you but does no damage.
The nine-headed hydra completely misses you.
The nine-headed hydra bites you but does no damage. x2
The nine-headed hydra closely misses you.
The nine-headed hydra bites you but does no damage.
There is a stone staircase leading down here.
The nine-headed hydra bites you.
* * * LOW HITPOINT WARNING * * *
The nine-headed hydra bites you but does no damage.
The nine-headed hydra bites you!
You die...

.........................#
#......................#
##...................... #
##................P#....
#.#................####..#
#................### ...
#...............#.# .#
........D##......##
..##P##..@.####### . ##
#....# #....## #.....##
#......## #.......##
##.......## ###
#####.........### ####.#
.##.........^..##.# #.###.


You could see a nine-headed hydra.

Vanquished Creatures
  5 elephants
  2 ugly things (IceCv)
  A black mamba (Lair:1)
  3 ice statues (IceCv)
  4 spiny frogs
  9 blink frogs
  5 hippogriffs
  2 wyverns
  2 hungry ghosts
  5 water moccasins
  4 porcupines
  2 orc warriors
  A black bear (Lair:2)
  8 ice beasts
  3 ogres (D:4)
  3 wolves (Lair:1)
  2 phantoms
  2 centaurs
  3 crocodiles
  Blork the orc (D:4)
  9 bullfrogs
  A wyvern zombie (D:6)
  5 scorpions
  6 killer bees (D:5)
  5 howler monkeys
  A bullfrog zombie (D:5)
  2 crimson imps (D:6)
  4 hounds
  A jelly (D:5)
  A centaur zombie (D:8)
  3 orc priests
  8 orc wizards
  A centaur skeleton (D:4)
  2 worker ants
  An iguana (D:5)
  2 worker ant zombies (D:8)
  19 adders
  2 shadow imps
  An adder zombie (D:7)
  2 worms
  2 dart slugs
  5 leopard geckos
  16 orcs
  5 giant cockroaches
  7 hobgoblins
  17 jackals
  10 kobolds
  5 quokkas
  5 ball pythons
  4 bats
  10 frilled lizards
  9 goblins
  A leopard gecko skeleton (D:5)
  A quokka skeleton (D:5)
  6 rats
  A fungus (Lair:2)
  3 plants
250 creatures vanquished.

Vanquished Creatures (collateral kills)
  A water moccasin (Lair:3)
1 creature vanquished.

Grand Total: 251 creatures vanquished

Notes
Turn   | Place    | Note
-------+----------+-------------------------------------------
     0 | D:1      | Derfel the Minotaur Berserker began the quest for the Orb.
     0 | D:1      | Reached XP level 1. HP: 19/19 MP: 0/0
    75 | D:1      | Reached XP level 2. HP: 27/27 MP: 1/1
   394 | D:1      | Reached skill level 4 in Fighting
   556 | D:1      | Reached XP level 3. HP: 33/33 MP: 2/2
  1273 | D:2      | Reached ** piety under Trog
  1273 | D:2      | Reached XP level 4. HP: 29/41 MP: 3/3
  1647 | D:3      | Found a sacrificial altar of Ru.
  2141 | D:3      | Reached skill level 5 in Fighting
  2494 | D:3      | Reached XP level 5. HP: 45/48 MP: 4/4
  2678 | D:4      | Found a shadowy altar of Dithmenos.
  2687 | D:4      | Reached skill level 1 in Maces & Flails
  2787 | D:4      | Reached XP level 6. HP: 37/57 MP: 5/5
  3043 | D:4      | Reached skill level 6 in Fighting
  3086 | D:4      | Reached skill level 5 in Armour
  3194 | D:4      | Reached XP level 7. HP: 20/64 MP: 6/6
  3653 | D:4      | Noticed Blork the orc
  3659 | D:4      | Killed Blork the orc
  3659 | D:4      | Reached *** piety under Trog
  3763 | D:5      | Entered Level 5 of the Dungeon
  3778 | D:5      | Reached skill level 7 in Fighting
  3901 | D:5      | Found Yfac's Antique Armour Emporium.
  3999 | D:5      | Noticed a hippogriff
  4013 | D:5      | Killed a hippogriff
  4200 | D:5      | Reached XP level 8. HP: 65/73 MP: 7/7
  4272 | D:5      | Reached skill level 5 in Axes
  4487 | D:5      | Reached skill level 8 in Fighting
  5252 | D:6      | Found a glowing drain.
  5263 | Sewer    | Entered a sewer
  5435 | Sewer    | Reached **** piety under Trog
  5947 | D:6      | Reached skill level 9 in Fighting
  6292 | D:6      | Reached XP level 9. HP: 73/83 MP: 8/8
  6532 | D:6      | Found a deep blue altar of Sif Muna.
  6819 | D:7      | Found a staircase to the Ecumenical Temple.
  6871 | D:7      | Reached skill level 10 in Fighting
  7125 | D:7      | Reached ***** piety under Trog
  7315 | D:7      | Paralysed by fainting for 12 turns
  7397 | D:8      | Found Daqiatiz's Magic Scroll Emporium.
  7399 | D:8      | Noticed a spiny frog
  7419 | D:8      | Killed a spiny frog
  7453 | D:8      | HP: 2/86 [crocodile (11)]
  7458 | D:8      | Reached skill level 10 in Armour
  7458 | D:8      | Reached XP level 10. HP: 16/94 MP: 9/9
  7593 | D:8      | Reached skill level 11 in Fighting
  8201 | D:8      | Found a staircase to the Lair.
  8256 | Lair:1   | Entered Level 1 of the Lair of Beasts
  8256 | Lair:1   | Noticed an elephant
  8256 | Lair:1   | Noticed an elephant
  8256 | Lair:1   | Noticed an elephant
  8256 | Lair:1   | Noticed an elephant
  8256 | Lair:1   | Noticed an elephant
  8273 | D:8      | Killed an elephant
  8275 | D:8      | Received a gift from Trog
  8278 | D:8      | Killed an elephant
  8554 | Lair:1   | Killed an elephant
  8554 | Lair:1   | Reached skill level 10 in Axes
  8559 | Lair:1   | Killed an elephant
  8582 | Lair:1   | Killed an elephant
  8582 | Lair:1   | Reached skill level 12 in Fighting
  8794 | Lair:1   | Reached XP level 11. HP: 79/104 MP: 10/10
  9400 | Lair:2   | Found a frozen archway.
  9425 | IceCv    | Entered an ice cave
  9452 | IceCv    | Noticed a white ugly thing
  9463 | IceCv    | Killed a white ugly thing
  9802 | IceCv    | Reached skill level 13 in Fighting
  9811 | IceCv    | Noticed a white ugly thing
  9827 | IceCv    | Killed a white ugly thing
  9836 | IceCv    | Gained mutation: You are dopey. (Int -2) [mutagenic meat]
 10719 | Lair:3   | Noticed a seven-headed hydra
 10781 | Lair:3   | Slain by a nine-headed hydra

Skill      XL: |  1  2  3  4  5  6  7  8  9 10 11 |
---------------+----------------------------------+-----
Axes           | 4 6 8 10 12 | 12.1
Fighting       | 4 5 6 7 9 10 12 13 | 13.4
Armour         | 3 4 5 6 8 10 11 12 | 12.9
Dodging        | 3 4 |  4.8
Maces & Flails | 1 2 |  2.6

Action                   |  1- 3 |  4- 6 |  7- 9 | 10-12 || total
-------------------------+-------+-------+-------+-------++-------
Melee: Hand axe          |    86 |    12 |       |       ||    98
       Headbutt          |     7 |    15 |    44 |    57 ||   123
       Morningstar       |       |   123 |     5 |       ||   128
       Broad axe         |       |       |   262 |    56 ||   318
       Battleaxe         |       |       |     8 |       ||     8
       Executioner's axe |       |       |       |   135 ||   135
Throw: Javelin           |       |       |     6 |     6 ||    12
Invok: Berserk           |       |       |     2 |     2 ||     4
       Burn Spellbooks   |       |       |       |     1 ||     1
Evoke: Wand              |       |       |       |     3 ||     3
  Use: Scroll            |     2 |     8 |     2 |     5 ||    17
       Potion            |       |       |     8 |       ||     8
  Eat: Chunk             |     1 |     5 |     9 |     7 ||    22
       Beef jerky        |       |     1 |       |     2 ||     3
       Fruit             |       |       |     4 |       ||     4
       Pizza             |       |       |     3 |       ||     3
       Meat ration       |       |       |       |     1 ||     1
Armor: Animal skin       |     6 |       |       |       ||     6
       Scale mail        |    13 |    33 |       |       ||    46
       Chain mail        |       |    38 |   178 |   159 ||   375
Dodge: Dodged            |    58 |    67 |   156 |   133 ||   414
